AoeStats
← TheQuietRiot

Black Forest

504742060Analyzed
1v1 RM · 26d ago on Sep 6, 2026· 39m 15s· 2 players
Game mode
Random Map
Map size
Tiny (2 player)
Population
200
Speed
Normal
Resources
Standard
Victory
Conquest
Starting age
Dark Age
Ending age
Imperial Age
RankedLock teamsTeams togetherTeam positionsShared explorationLock speedFull tech treeHidden civsTurbo modeCheats
Victory
Defeat
🇵🇪 Britons · Peru
980
+15
🇬🇧 Britons · United Kingdom
959
-15
TheQuietRiot
8:06 Loom
10:24 Feudal Age
11:05 Double-Bit Axe
12:08 Wheelbarrow
12:35 Horse Collar
20:20 Castle Age
22:01 Gold Mining
22:02 Stone Mining
22:42 Bow Saw
24:29 Town Watch
25:05 Hand Cart
25:51 Heavy Plow
25:59 Town Patrol
28:36 Fletching
28:47 Padded Archer Armor
29:39 Bodkin Arrow
31:05 Gold Shaft Mining
30:43 Forging
30:34 Scale Mail Armor
31:07 Yeomen
34:43 Imperial Age
33:30 Leather Archer Armor
32:42 Pikeman
33:23 Squires
33:10 Gambesons
35:39 Chain Mail Armor
36:52 Warwolf
Zylco
7:52 Loom
11:23 Feudal Age
11:49 Double-Bit Axe
13:15 Gold Mining
13:46 Fishing Lines
19:28 Castle Age
18:33 Fletching
18:44 Padded Archer Armor
20:38 Bow Saw
22:36 Stone Mining
22:45 Bodkin Arrow
24:59 Wheelbarrow
24:18 Town Watch
24:32 Horse Collar
25:28 Heavy Plow
26:08 Hand Cart
31:37 Imperial Age
29:29 Gillnets
30:49 Leather Archer Armor
31:34 Town Patrol
31:56 Ballistics
31:48 Masonry
32:32 Gold Shaft Mining
32:20 Bracer
32:50 Ring Archer Armor
32:00 Elite Skirmisher
32:52 Siege Engineers
33:59 Conscription
37:14 Chemistry
36:48 Conscription
36:30 Warwolf
39:51 Architecture
Connection lost

Rejoining the realm…

Still unreachable

The connection could not be restored.

Session expired

The server has moved on; the page needs a fresh start.